 Dungeon Crawl Stone Soup version 0.27.1-2-g3b301248ec (webtiles) character file.

Game seed: 4159365584716527109

106 DoubleLucky the Caller (level 4, -4/24 HPs)
             Began as a Tengu Summoner on Sept 26, 2021.
             Was an Initiate of Makhleb.
             Slain by a scorpion (6 damage)
             ... on level 3 of the Dungeon.
             The game lasted 00:12:06 (3935 turns).

DoubleLucky the Caller (Tengu Summoner)             Turns: 3935, Time: 00:12:07

Health: -4/24      AC:  6    Str:  9    XL:     4   Next: 84%
Magic:  7/10       EV: 11    Int: 16    God:    Makhleb [......]
Gold:   98         SH:  0    Dex: 14    Spells: 3/9 levels left

rFire    . . .     SeeInvis .   b - +0 dagger
rCold    . . .     Faith    .   (no shield)
rNeg     . . .     Spirit   .   m - +3 leather armour
rPois    .         Reflect  .   (helmet restricted)
rElec    .         Harm     .   (no cloak)
rCorr    .         Rampage  .   (no gloves)
Will     .....                  (boots unavailable)
Stlth    ++........             (no amulet)
HPRegen  0.08/turn              (no ring)
MPRegen  0.12/turn              (no ring)

@: no status effects
A: beak, talons 3
a: Renounce Religion


You were on level 3 of the Dungeon.
You worshipped Makhleb.
Makhleb was noncommittal.
You visited 1 branch of the dungeon, and saw 4 of its levels.

You collected 98 gold pieces.

Inventory:

Hand Weapons
 b - a +0 dagger (weapon)
Missiles
 h - 5 atropa-tipped darts
Armour
 a - a +0 robe
 m - a +3 leather armour (worn)
Scrolls
 c - a scroll of holy word {unknown}
 e - 2 scrolls of immolation
 g - a scroll of silence {unknown}
 l - a scroll of fear {unknown}
Potions
 d - a potion of magic
 f - a potion of heal wounds {unknown}
 j - a potion of flight {unknown}
 k - a potion of degeneration {unknown}


   Skills:
 - Level 2.1 Dodging
 - Level 2.0 Stealth
 + Level 3.4 Spellcasting
 + Level 6.1 Summonings


You had 3 spell levels left.
You knew the following spells:

 Your Spells              Type           Power      Damage    Failure   Level
a - Summon Small Mammal   Summ           88%        N/A       1%          1
b - Call Imp              Summ           22%        N/A       3%          2
c - Call Canine Familiar  Summ           22%        N/A       6%          3

Your spell library contained the following spells:

 Spells                   Type           Power      Damage    Failure   Level
 Summon Guardian Golem    Hex/Summ       12%        N/A       22%         3
 Summon Lightning Spire   Summ/Air       12%        N/A       56%         4
 Fireball                 Conj/Fire      1%         3d3       100%        5
 Starburst                Conj/Fire      1%         6d3       100%        6
 Ignition                 Fire           1%         3d3       100%        8


Dungeon Overview and Level Annotations

Branches:
Dungeon (4/15)
 Temple: D:4-7

Altars:
Makhleb


Innate Abilities, Weirdness & Mutations

You have a beak for a mouth.
You have claws for feet.


Message History

You swap places.
Your quokka barely misses the water moccasin skeleton.
The water moccasin skeleton bites you but does no damage.
The scorpion stings your quokka.
Your quokka bites the water moccasin skeleton. x2
The water moccasin skeleton misses your quokka.
Your quokka bites the water moccasin skeleton. x3
The water moccasin skeleton completely misses your quokka.
Your quokka barely misses the water moccasin skeleton.
The scorpion stings you.
You are poisoned.
The scorpion poisons you!
Your quokka barely misses the water moccasin skeleton.
Your quokka bites the water moccasin skeleton.
The water moccasin skeleton is destroyed!
Makhleb accepts your kill.
Your Summonings skill increases to level 6!
You feel very sick.
Your quokka bites the scorpion.
You feel sick.
You feel sick.
The scorpion stings you but does no damage.
There is an escape hatch in the ceiling here.
You feel sick.
Your quokka closely misses the scorpion.
Your quokka barely misses the scorpion.
There is a stone staircase leading up here.
You feel sick. The scorpion stings you.
* * * LOW HITPOINT WARNING * * *
You climb upwards.
* * * LOW HITPOINT WARNING * * *
You feel sick.
There is a stone staircase leading down here.
You feel sick.
You feel sick.
You feel sick.
You are no longer poisoned.
The scorpion barely misses you. The scorpion stings you.
You die...

#....##...#
#....##...#
#....##...#
#....##...#####
######'##...>....#
#......##...####.#
..####.##......#.#
..########..##.#s#
..#..........#.#@#
..#.##.....#.#.#.#
.........#...#...#
.##.##.#.......#.###
###<##.#........##.#
####.#.........).#
#.##).......#.###
#.##....#.......#
#.#####.#####.#.#


You could see a scorpion.

Vanquished Creatures
  An adder (D:2)
  A worm (D:2)
  A ball python (D:3)
  4 endoplasms
  4 goblins
  3 hobgoblins
  A jackal (D:2)
  5 kobolds
  A quokka (D:1)
  4 bats
  A frilled lizard (D:1)
  6 rats
32 creatures vanquished.

Vanquished Creatures (collateral kills)
  A water moccasin skeleton (D:4)
  An adder (D:3)
  A worm (D:2)
  A dart slug (D:1)
  4 orcs (D:3)
  5 endoplasms
  2 giant cockroaches
  A goblin (D:3)
  7 hobgoblins
  A jackal (D:2)
  2 ball pythons (D:3)
  A frilled lizard (D:1)
  3 kobolds
  A rat (D:1)
31 creatures vanquished.

Grand Total: 63 creatures vanquished

Notes
Turn   | Place    | Note
-------+----------+-------------------------------------------
     0 | D:1      | DoubleLucky the Tengu Summoner began the quest for the Orb.
     0 | D:1      | Reached XP level 1. HP: 10/10 MP: 4/4
   194 | D:1      | Reached skill level 5 in Summonings
   224 | D:1      | Reached XP level 2. HP: 10/15 MP: 4/6
  1223 | D:1      | Reached XP level 3. HP: 17/19 MP: 7/7
  1232 | D:1      | Learned a level 2 spell: Call Imp
  2072 | D:2      | Found a faded altar of an unknown god.
  2314 | D:2      | Found a burning altar of Makhleb.
  2362 | D:2      | Became a worshipper of Makhleb the Destroyer
  2804 | D:3      | Reached XP level 4. HP: 24/24 MP: 2/9
  3898 | D:3      | Learned a level 3 spell: Call Canine Familiar
  3910 | D:4      | Noticed a scorpion
  3923 | D:4      | Reached skill level 6 in Summonings
  3931 | D:3      | HP: 1/24 [poisoned by a scorpion]
  3935 | D:3      | Slain by a scorpion

Illustrated notes

Levels and vault maps discovered:
D:1:      scummos_arrival_hexagon, layout_basic, serial_forest,
          infiniplex_forest_lined_corner, infiniplex_forest_lined_2,
          infiniplex_forest_lined_room_2, infiniplex_forest_corner_2,
          infiniplex_forest_lined_room_2, infiniplex_forest_straight_5,
          infiniplex_forest_lined_3
D:2:      layout_basic, hellmonk_ecumenical_altar_crossroads, basic_altar
D:3:      layout_basic
D:4:      layout_loops_corners, uniq_pikel

Skill      XL: |  1  2  3  4 |
---------------+-------------+-----
Summonings     | 5 6 |  6.1
Spellcasting   | 3 |  3.4
Dodging        | |  2.1
Stealth        | |  2.0

Action                   |  1- 3 |  4- 6 || total
-------------------------+-------+-------++-------
Melee: Dagger            |    97 |    15 ||   112
       Kick              |    19 |     6 ||    25
       Peck              |    11 |     2 ||    13
 Cast: Summon Small Mamm |    43 |    22 ||    65
       Call Imp          |     5 |       ||     5
  Use: Scroll            |       |     2 ||     2
 Stab: Sleeping          |     7 |       ||     7
       Distracted        |     2 |       ||     2
Armor: Robe              |    15 |     2 ||    17
       Leather armour    |       |     4 ||     4
Dodge: Dodged            |    51 |    15 ||    66
